 Dungeon Crawl Stone Soup version 0.20.0-15-g7f486f2 (webtiles) character file.

5498 Inarius the Geomancer (level 10, -1/60 HPs)
             Began as a Gargoyle Earth Elementalist on June 27, 2017.
             Was a Follower of Vehumet.
             Slain by a two-headed ogre
             ... wielding a +0 giant club
              (5 damage)
             ... on level 8 of the Dungeon.
             The game lasted 00:29:05 (10240 turns).

Inarius the Geomancer (GrEE)                       Turns: 10240, Time: 00:29:06

Health: -1/60      AC: 17    Str: 16    XL:     10   Next: 70%
Magic:  6/19       EV: 10    Int: 23    God:    Vehumet [*.....]
Gold:   150        SH: 13    Dex: 10    Spells: 4/21 levels left

rFire    . . .     SeeInvis .   K - +2 whip (elec)
rCold    + . .     Gourm    .   L - +0 shield
rNeg     + . .     Faith    .   g - +0 leather armour
rPois    ∞         Spirit   .   P - +2 hat
rElec    +         Reflect  .   T - +0 cloak
rCorr    .         Harm     .   f - +1 pair of gloves {Str+3}
MR       .....                  n - +0 pair of boots
Stlth    ++........             (no amulet)
Regen    0.2/turn               m - ring of wizardry
MPRegen  0.2/turn               J - +5 ring of intelligence

@: about to teleport, very slightly contaminated
A: large bone plates 1, blurry vision 1, cold resistance 1, negative energy
resistance 1, electricity resistance, unbreathing, petrification resistance, rot
immunity, AC +7
a: Renounce Religion


You were on level 8 of the Dungeon.
You worshipped Vehumet.
Vehumet was aware of your devotion.
You were not hungry.

You visited 2 branches of the dungeon, and saw 10 of its levels.
You also visited: Ossuary.

You collected 457 gold pieces.
You spent 307 gold pieces at shops.

Inventory:

Hand Weapons
 o - a +2 dagger of chaos
 K - a +2 whip of electrocution (weapon)
Missiles
 b - 146 stones (quivered)
Armour
 f - a +1 pair of gloves of strength (worn)
 g - a +0 leather armour (worn)
 n - a +0 pair of boots (worn)
 L - a +0 shield (worn)
 P - a +2 hat (worn)
 T - a +0 cloak (worn)
Jewellery
 a - an uncursed ring of protection from cold
 i - a +5 ring of dexterity
 m - a ring of wizardry (left hand)
 v - a +5 ring of evasion
 H - a +3 ring of slaying
 J - a +5 ring of intelligence (right hand)
 O - an uncursed ring of resist corrosion
Wands
 A - a wand of digging (13/24)
 Q - a wand of clouds (4/9)
Scrolls
 j - 4 scrolls of enchant armour
 k - 2 scrolls of fear {unknown}
 p - 2 scrolls of teleportation
 t - a scroll of immolation
 y - 3 scrolls of remove curse
 B - 2 scrolls of magic mapping
 C - a scroll of fog {unknown}
Potions
 l - a potion of cancellation
 q - 2 potions of ambrosia
 r - 2 potions of haste {unknown}
 s - 4 potions of degeneration {unknown}
 w - 5 potions of curing {unknown}
 x - a potion of invisibility {unknown}
 E - a potion of berserk rage
 F - 2 potions of heal wounds {unknown}
 M - a potion of lignification {unknown}
 N - a potion of brilliance {unknown}
 S - a potion of might {unknown}
Books
 e - a book of Geomancy

   Spells                             Type                      Level
   a - Sandblast                      Earth                        1
   b - Passwall                       Transmutation/Earth          2
   c - Stone Arrow                    Conjuration/Earth            3
   d - Petrify                        Transmutation/Earth          4
   e - Lee's Rapid Deconstruction     Earth                        5
 D - a book of Cantrips

   Spells                             Type                      Level
   a - Confusing Touch                Hexes                        1
   b - Animate Skeleton               Necromancy                   1
   c - Summon Small Mammal            Summoning                    1
   d - Apportation                    Translocation                1
 I - a book of Minor Magic

   Spells                             Type                      Level
   a - Magic Dart                     Conjuration                  1
   b - Blink                          Translocation                2
   c - Call Imp                       Summoning                    2
   d - Slow                           Hexes                        2
   e - Conjure Flame                  Conjuration/Fire             3
   f - Mephitic Cloud                 Conjuration/Poison/Air       3
Comestibles
 d - 3 bread rations
 h - 12 royal jellies
 u - 3 meat rations
 z - 5 fruits


   Skills:
 + Level 5.8 Fighting
 - Level 0.2 Maces & Flails
 + Level 4.4 Armour
 - Level 2.4 Dodging
 - Level 2.1 Stealth
 + Level 5.0 Shields
 - Level 0.2 Unarmed Combat
 - Level 6.1 Spellcasting
 * Level 7.4 Conjurations
 * Level 3.9 Transmutations
 + Level 9.6 Earth Magic


You had 4 spell levels left.
You knew the following spells:

 Your Spells              Type           Power        Failure   Level  Hunger
a - Sandblast             Erth           ######       1%          1    None
b - Stone Arrow           Conj/Erth      #####.       1%          3    #......
c - Passwall              Tmut/Erth      #####.....   1%          2    None
d - Petrify               Tmut/Erth      #####...     9%          4    ###....
e - Lee's Rapid Deconstr  Erth           ######....   8%          5    #####..
f - Blink                 Tloc           N/A          22%         2    None


Dungeon Overview and Level Annotations

Branches:
Dungeon (9/15)             Temple (1/1) D:7
   Lair: D:8-11         Orc: D:9-12

Altars:
Ashenzari
Cheibriados
Dithmenos
Elyvilon
Fedhas
Gozag
Hepliaklqana
Kikubaaqudgha
Makhleb
Nemelex Xobeh
Okawaru
Qazlal
Ru
Sif Muna
Trog
Uskayaw
Vehumet
Yredelemnul
Zin

Shops:
D:4 [   D:7 [

Annotations:
D:4 Duvessa


Innate Abilities, Weirdness & Mutations

You are resistant to torment.
Your stone body is resilient. (AC +7)
You are immune to poison.
You resist negative energy. (rN+)
You are resistant to electric shocks. (rElec)
You can survive without breathing.
You are immune to petrification.
You are immune to rotting.
You are partially covered in large bone plates. (SH +4)
Scrolls take you a little longer to read.
Your flesh is cold resistant. (rC+)


Message History

Really read with blurry vision while enemies are nearby? [Y]es or [N]o only, please.
Really read with blurry vision while enemies are nearby? [Y]es or [N]o only, please.
Really read with blurry vision while enemies are nearby? [Y]es or [N]o only, please.
Really read with blurry vision while enemies are nearby? [Y]es or [N]o only, please.
Really read with blurry vision while enemies are nearby?
You begin reading the scroll.
You continue reading the scroll.
You block the two-headed ogre's attack.
The two-headed ogre hits you but does no damage.
As you read the scroll of teleportation, it crumbles to dust.
You feel strangely unstable.
You hit the two-headed ogre.
The two-headed ogre is heavily wounded.
The two-headed ogre hits you with a giant club!
* * * LOW HITPOINT WARNING * * *
The two-headed ogre hits you with a giant club.
You die...

########
###########.......
#@O.......).......
#####.#.....######
#.#.##########
#.#...........
#.#.#.#.#.####
#.#.#...#..##
#.#.#.≈.≈.≈.#
#...#≈##'##≈#
#######...###


You could see a two-headed ogre (petrifying).

Vanquished Creatures
  Erica (D:8)
  A two-headed ogre (D:8)
  Pikel (D:6)
  Maurice (D:8)
  Psyche (D:8)
  Grinder (D:6)
  2 wraiths (Ossuary)
  3 hungry ghosts
  A water moccasin (D:5)
  2 black bears (D:7)
  A sky beast (D:7)
  2 ogres
  A centaur (D:7)
  3 bullfrogs
  A wyvern zombie (D:7)
  2 scorpions
  Dowan (D:4)
  6 wights
  2 howler monkeys (D:5)
  A hound (shapeshifter) (D:8)
  2 centaur skeletons
  An orc priest (D:8)
  A gnoll shaman (D:4)
  2 hounds
  A bullfrog skeleton (D:7)
  3 jellies
  3 orc wizards
  An iguana (D:7)
  An iron imp (D:8)
  3 worker ants
  Natasha (thrice) (D:2)
  A hound zombie (D:6)
  A hound skeleton (D:7)
  2 worker ant zombies
  3 gnolls (D:4)
  13 adders
  2 shadow imps (D:6)
  A white imp (D:8)
  5 oozes (D:8)
  3 adder zombies
  A worm (D:2)
  2 dart slugs (D:1)
  5 leopard geckos
  7 orcs
  7 bats
  6 giant cockroaches
  9 goblins
  9 hobgoblins
  10 jackals
  3 quokkas
  A ball python (D:8)
  2 frilled lizards (D:1)
  A hobgoblin skeleton (Ossuary)
  7 kobolds
  2 kobold zombies (Ossuary)
  A leopard gecko zombie (D:6)
  4 orc zombies (Ossuary)
  A quokka skeleton (D:4)
  A quokka zombie (D:7)
  10 rats
175 creatures vanquished.

Vanquished Creatures (others)
  3 slaves (D:6)
  An orc priest (D:6)
  An orc (D:6)
  A giant cockroach (D:6)
6 creatures vanquished.

Grand Total: 181 creatures vanquished

Notes
Turn   | Place    | Note
-------+----------+-------------------------------------------
     0 | D:1      | Inarius the Gargoyle Earth Elementalist began the quest for the Orb.
     0 | D:1      | Reached XP level 1. HP: 10/10 MP: 3/3
   457 | D:1      | Reached XP level 2. HP: 16/16 MP: 5/5
  1105 | D:1      | Reached skill level 4 in Earth Magic
  1356 | D:1      | Reached skill level 1 in Armour
  1358 | D:1      | Reached XP level 3. HP: 18/20 MP: 6/6
  1611 | D:2      | Found a basalt altar of Yredelemnul.
  1752 | D:2      | Learned a level 3 spell: Stone Arrow
  1755 | D:2      | Learned a level 2 spell: Passwall
  1808 | D:2      | Noticed Natasha
  1808 | D:2      | Reached skill level 1 in Fighting
  1814 | D:2      | Killed Natasha
  1814 | D:2      | Reached XP level 4. HP: 13/25 MP: 5/7
  2118 | D:2      | Noticed Natasha
  2123 | D:2      | Killed Natasha
  2214 | D:2      | You fall through a shaft for 2 floors!
  2278 | D:4      | Reached skill level 1 in Conjurations
  2278 | D:4      | Reached XP level 5. HP: 29/29 MP: 9/9
  2928 | D:2      | Noticed Natasha
  2953 | D:2      | Killed Natasha
  3287 | D:3      | Reached skill level 1 in Transmutations
  3287 | D:3      | Reached XP level 6. HP: 35/35 MP: 10/10
  3448 | D:3      | Noticed an air elemental
  3450 | D:3      | Found a stormy altar of Qazlal.
  3452 | D:3      | Noticed a water elemental
  3452 | D:3      | Noticed a fire elemental
  3652 | D:4      | Found Pomalyrgh's Antique Armour Emporium.
  4173 | D:4      | Learned a level 4 spell: Petrify
  4428 | D:4      | Found a bloodstained altar of Trog.
  4456 | D:4      | Noticed Dowan
  4457 | D:4      | Noticed Duvessa
  4478 | D:4      | Killed Dowan
  4478 | D:4      | Reached skill level 5 in Earth Magic
  4826 | D:5      | Entered Level 5 of the Dungeon
  4836 | D:5      | Reached XP level 7. HP: 41/41 MP: 10/12
  5238 | D:5      | Noticed a hand axe
  5239 | D:5      | Found a hide-covered altar of Uskayaw.
  5239 | D:5      | Noticed a dagger
  5275 | D:5      | Reached skill level 1 in Shields
  5616 | D:6      | Noticed Pikel
  5658 | D:6      | Killed Pikel
  5658 | D:6      | Reached skill level 6 in Earth Magic
  5658 | D:6      | Reached XP level 8. HP: 27/46 MP: 1/14
  5917 | D:6      | Noticed Grinder
  6095 | D:5      | Learned a level 5 spell: Lee's Rapid Deconstruction
  6587 | D:6      | Found a blossoming altar of Fedhas.
  6646 | D:6      | Paralysed by Grinder for 4 turns
  6658 | D:6      | Killed Grinder
  6658 | D:6      | Reached skill level 5 in Spellcasting
  6658 | D:6      | Reached skill level 7 in Earth Magic
  6784 | D:7      | Reached XP level 9. HP: 47/52 MP: 16/16
  6831 | D:7      | Found a staircase to the Ecumenical Temple.
  6836 | Temple   | Entered the Ecumenical Temple
  6906 | Temple   | Became a worshipper of Vehumet
  6948 | D:7      | Found a sand-covered staircase.
  6957 | Ossuary  | Entered an ossuary
  7014 | Ossuary  | Reached skill level 5 in Conjurations
  7433 | D:7      | Reached skill level 8 in Earth Magic
  7437 | D:7      | Gained mutation: Your muscles are strong. (Str +2) [mutagenic meat]
  7515 | D:7      | Learned a level 2 spell: Blink
  7864 | D:7      | Found Dod Ocei's Armour Boutique.
  7874 | D:7      | Bought a +0 shield for 67 gold pieces
  7874 | D:7      | Bought a +2 hat for 240 gold pieces
  8096 | D:7      | Found a hazy altar of Hepliaklqana.
  8125 | D:7      | Reached * piety under Vehumet
  8125 | D:7      | Offered knowledge of Freeze by Vehumet.
  8543 | D:8      | Found a snail-covered altar of Cheibriados.
  8560 | D:8      | Noticed Psyche
  8565 | D:8      | Killed Psyche
  8565 | D:8      | Reached XP level 10. HP: 54/58 MP: 5/19
  8663 | D:8      | Noticed a two-headed ogre
  8680 | D:8      | Killed a two-headed ogre
  8680 | D:8      | Reached skill level 5 in Fighting
  8680 | D:8      | Reached skill level 9 in Earth Magic
  8891 | D:8      | Noticed Maurice
  8920 | D:8      | Killed Maurice
  9104 | D:8      | Gained mutation: Your body sometimes deteriorates upon taking damage. [mutagenic meat]
  9105 | D:8      | Gained mutation: You have a pair of small horns on your head. [mutagenic meat]
  9108 | D:8      | Lost mutation: You have a pair of small horns on your head. [potion of mutation]
  9108 | D:8      | Lost mutation: Your body sometimes deteriorates upon taking damage. [potion of mutation]
  9108 | D:8      | Lost mutation: Your muscles are strong. (Str +2) [potion of mutation]
  9108 | D:8      | Gained mutation: Armour fits poorly on your strangely shaped body. [potion of mutation]
  9108 | D:8      | Gained mutation: You have large cloven feet. [potion of mutation]
  9447 | D:8      | Noticed Erica
  9473 | D:8      | Killed Erica
  9575 | D:8      | Reached skill level 5 in Shields
  9686 | D:8      | Noticed a two-headed ogre
 10143 | D:9      | Lost mutation: Armour fits poorly on your strangely shaped body. [potion of mutation]
 10143 | D:9      | Lost mutation: You have large cloven feet. [potion of mutation]
 10143 | D:9      | Gained mutation: Scrolls take you a little longer to read. [potion of mutation]
 10143 | D:9      | Gained mutation: You are partially covered in large bone plates. (SH +4) [potion of mutation]
 10143 | D:9      | Gained mutation: Your flesh is cold resistant. (rC+) [potion of mutation]
 10240 | D:8      | Slain by a two-headed ogre

Skill      XL: |  1  2  3  4  5  6  7  8  9 10 |
---------------+-------------------------------+-----
Earth Magic    | 4 5 6 7 8 9 |  9.6
Armour         | 1 2 3 4 |  4.4
Fighting       | 1 2 3 4 5 |  5.8
Conjurations   | 1 2 4 6 7 |  7.4
Spellcasting   | 3 4 5 6 |  6.1
Transmutations | 1 2 3 |  3.9
Shields        | 3 4 5 |  5.0
Dodging        | 2 |  2.4
Maces & Flails | |  0.2
Stealth        | |  2.1
Unarmed Combat | |  0.2

Action                   |  1- 3 |  4- 6 |  7- 9 | 10-12 || total
-------------------------+-------+-------+-------+-------++-------
Melee: Unarmed           |    50 |       |       |       ||    50
       Whip              |    63 |   161 |   286 |    37 ||   547
       Dagger            |       |       |       |   126 ||   126
 Cast: Sandblast         |    16 |    30 |    55 |     2 ||   103
       Stone Arrow       |       |       |    25 |    14 ||    39
       Petrify           |       |       |       |    19 ||    19
  Use: Scroll            |       |     1 |     9 |     5 ||    15
       Potion            |       |       |       |     2 ||     2
 Stab: Sleeping          |       |     2 |     3 |       ||     5
       Petrified         |       |       |       |    31 ||    31
       Petrifying        |       |       |       |     2 ||     2
       Paralysed         |       |       |       |     1 ||     1
  Eat: Chunk             |     3 |     9 |     5 |     8 ||    25
       Bread ration      |       |       |     2 |     1 ||     3
       Meat ration       |       |       |       |     2 ||     2
Armor: Leather armour    |    45 |    87 |   131 |    72 ||   335
Dodge: Dodged            |    71 |   123 |   235 |    43 ||   472
Block: Buckler           |       |       |    28 |       ||    28
       Shield            |       |       |    10 |    54 ||    64
